 Dungeon Crawl Stone Soup version 0.31-a0-369-g8eba5f6939 (webtiles) character file.

Game seed: 13614657226316091753

16 RepHenryClay the Magician (level 2, -1/21 HPs)
             Began as a Djinni Fire Elementalist on July 29, 2023.
             Slain by a quokka (2 damage)
             ... on level 1 of the Dungeon.
             The game lasted 00:00:53 (318 turns).

RepHenryClay the Magician (Djinni Fire Elementalist) Turns: 318, Time: 00:00:54

Health: -1/21      AC:  2    Str:  7    XL:     2   Next: 70%
Gold:   33         EV: 12    Int: 16    God:
                   SH:  0    Dex: 13

rFire   + + .        (no weapon)
rCold   x . .        (no shield)
rNeg    . . .        a - +0 robe
rPois   ∞            (no helmet)
rElec   .            (no cloak)
rCorr   .            (no gloves)
SInv    .            (boots unavailable)
Will    .....        (no amulet)
Stlth   ++           (no ring)
HPRegen 0.23/turn    (no ring)
MPRegen 0.00/turn

%: infuse magic (-2 HP)
@: flying
A: sickness immunity, fire resistance 2, cold vulnerability 1, float, innate
caster, HP casting, extra vitality 1
a: no special abilities


You were on level 1 of the Dungeon.
You visited 1 branch of the dungeon, and saw 1 of its levels.

You collected 33 gold pieces.

Inventory:

Armour
 a - a +0 robe (worn)
Jewellery
 c - an amulet of faith
Scrolls
 b - a scroll of identify {unknown}
 d - a scroll of immolation {unknown}


   Skills:
 - Level 2.1 Dodging
 - Level 1.5 Stealth
 + Level 3.4 Spellcasting
 + Level 3.4 Conjurations
 + Level 3.4 Hexes
   Level 0.0 Charms
 + Level 3.4 Summonings
 + Level 3.4 Necromancy
 + Level 3.4 Translocations
 + Level 3.4 Transmutations
 + Level 3.4 Fire Magic
 + Level 3.4 Ice Magic
 + Level 3.4 Air Magic
 + Level 3.4 Earth Magic
 + Level 3.4 Poison Magic


You knew the following spells:

 Your Spells              Type           Power      Damage    Failure   Level
a - Foxfire               Conj/Fire      52%        2x1d6     4%          1
b - Scorch                Fire           26%        2d6       7%          2
c - Volatile Blastmotes   Fire/Tloc      26%        2d12      13%         3
d - Inner Flame           Hex/Fire       13%        N/A       13%         3
e - Flame Wave            Conj/Fire      13%        2d6       41%         4
Your spell library was empty.

Dungeon Overview and Level Annotations

Branches:
Dungeon (1/15)

Altars:


Innate Abilities, Weirdness & Mutations

You are immune to sickness and miasma.
You are immune to poison.
Your flesh is very heat resistant. (rF++)
You are vulnerable to cold. (rC-)
You float through the air rather than walking.
You learn spells naturally, not from books.
Your magical power is your life essence.
You have superior vitality. (+4 MHP)


Message History

Your foxfire dissipates!
Found a ring mail.
A rat and a ball python come into view.
Casting: Foxfire (safe; 4% risk of failure)
Confirm with . or Enter, or press ? or * to list all spells.
You conjure some foxfire!
The ball python bites you. The ball python grabs you.
The ball python constricts you. The ball python bites you.
The ball python constricts you.
The foxfire hits the ball python.
You kill the ball python!
Huge Dmg: -28%(-6hp) hp: 72%(15hp)
A rat is nearby!
A hobgoblin and a quokka come into view.
Found 12 gold pieces.
You see here 17 gold pieces.
A kobold comes into view. It is wielding a +0 club.
Casting: Foxfire (safe; 4% risk of failure)
Confirm with . or Enter, or press ? or * to list all spells.
You conjure some foxfire!
The kobold shouts!
The hobgoblin shouts!
The hobgoblin hits you.
The foxfire hits the rat.
The rat is heavily wounded.
The foxfire hits the rat.
You kill the rat!
The hobgoblin closely misses you.
Huge Dmg: -24%(-5hp) hp: 53%(11hp)
Casting: Foxfire (safe; 4% risk of failure)
Confirm with . or Enter, or press ? or * to list all spells.
You conjure some foxfire!
The quokka barely misses you. The hobgoblin hits you.
The foxfire hits the hobgoblin.
The hobgoblin is heavily wounded.
The foxfire hits the quokka.
The quokka is severely wounded.
The quokka bites you.
* * * LOW HITPOINT WARNING * * *
The hobgoblin hits you.
* * * LOW HITPOINT WARNING * * *
Huge Dmg: -48%(-10hp) hp: 5%(1hp)
The quokka bites you.
You die...

#......... ###..###.
#......... #.. ##
#.......[# #..# #
##........# [...###
..K....... ..##..##
#......... ........
###.##..g....# ####.#.
$.....r.##.#.# ######...
###.###@##.#.####...##.##
#................#
####.#.....#.#.###
#####....#...†#.#
#......#.....#.#.#
.......†.###...#.#
..######## ##....# #
######


You could see a quokka, a hobgoblin and a kobold.

Vanquished Creatures
  2 endoplasms (D:1)
  A hobgoblin (D:1)
  2 quokkas (D:1)
  3 ball pythons (D:1)
  A bat (D:1)
  3 frilled lizards (D:1)
  4 rats (D:1)
16 creatures vanquished.

Vanquished Creatures (others)
  36 foxfires (D:1)
36 creatures vanquished.

Grand Total: 52 creatures vanquished

Notes
Turn   | Place    | Note
-------+----------+-------------------------------------------
     0 | D:1      | RepHenryClay the Djinni Fire Elementalist began the quest
                  | for the Orb.
     0 | D:1      | RepHenryClay set off with the following spells memorised:
                  | Foxfire, Scorch, Volatile Blastmotes, Inner Flame, Flame
                  | Wave.
     0 | D:1      | Reached XP level 1. HP: 15/15 MP: 0/0
    84 | D:1      | Reached XP level 2. HP: 17/21 MP: 0/0
   317 | D:1      | HP: 1/21 [hobgoblin (3)]
   318 | D:1      | Slain by a quokka

Illustrated notes

Levels and vault maps discovered:
D:1:      saegor_arrival_simple_c, layout_loops_ring, chequers_mini_garden,
          minmay_misc_feat_five, palyth_stone_intersect, supply_closet_lemuel

Skill      XL: | |
---------------+-+-----
Spellcasting   | |  3.4
Conjurations   | |  3.4
Hexes          | |  3.4
Summonings     | |  3.4
Necromancy     | |  3.4
Translocations | |  3.4
Transmutations | |  3.4
Fire Magic     | |  3.4
Ice Magic      | |  3.4
Air Magic      | |  3.4
Earth Magic    | |  3.4
Poison Magic   | |  3.4
Dodging        | |  2.1
Stealth        | |  1.5

Action                     || total
---------------------------++-------
   Cast: Foxfire           ||    21
 Armour: Robe              ||     1
  Dodge: Dodged            ||     6

Table legend: (Time is in decaauts)
 A = Elapsed time spent in this place.
 B = Non-inter-level travel time spent in this place.
 C = Inter-level travel time spent in this place.
 D = Time resting spent in this place.
 E = Time spent auto-exploring this place.
 F = Levels seen in this place.
 G = Mean time per level.
                   A        B        C        D        E       F      G
               +--------+--------+--------+--------+--------+-----+--------+
         Total |    318 |    318 |      0 |      0 |    234 |   1 |  318.0 |
       Dungeon |    318 |    318 |      0 |      0 |    234 |   1 |  318.0 |
               +--------+--------+--------+--------+--------+-----+--------+

Top non-repeatable levels by time:
     D:1: 318 daAuts
